General information
- name: BNet
- type: Ladder 1vs1/FFA
- host: Battle.net
- saver: Al_nino_Borland
map: RoadToStratholme
- players: 2
- length: 18:25
- speed: Fast
- version: 1.24 W3XP
- replay type: Public
» download(54 KB)
Players
team 1 (loser)

»
Feu (
pink | 64 APM | 1174 actions | 18:23)
3 Crypt Lord
1 Impale
2 Spiked Carapace
3 Goblin Alchemist
1 Healing Spray
2 Chemical Rage
» actions
| Assign group hotkey | 28 | |
| Basic commands | 127 | |
| Build / train | 45 | |
| ESC pressed | 1 | |
| Enter build submenu | 11 | |
| Enter hero's abilities submenu | 6 | |
| Remove unit from queue | 3 | |
| Right click | 247 | |
| Select / deselect | 279 | |
| Select group hotkey | 393 | |
| Use ability | 34 | |
1174 total
» units
| Acolyte | 6 | |
| Ghoul | 6 | |
| Crypt Fiend | 2 | |
| Gargoyle | 5 | |
| Obsidian Statue | 1 | |
| Abomination | 1 | |
21 total
» upgrades
| Cannibalize | 1 | |
| Unholy Armor | 2 | |
| Creature Attack | 1 | |
| Web | 0 | |
| Disease Cloud | 1 | |
5 total
» buildings
| Altar of Darkness | 1 | |
| Ziggurat | 5 | |
| Crypt | 1 | |
| Tomb of Relics | 1 | |
| Nerubian Tower | 3 | |
| Graveyard | 1 | |
| Halls of the Dead | 1 | |
| Black Citadel | 1 | |
| Slaughterhouse | 1 | |
| Sacrificial Pit | 1 | |
| Boneyard | 1 | |
17 total
» build order
00:10 Altar of Darkness
00:14 Ziggurat
00:36 Crypt
00:58 Tomb of Relics
01:21 Ziggurat
01:50 Nerubian Tower
02:44 Graveyard
03:51 Nerubian Tower
03:53 Halls of the Dead
04:16 Ziggurat
06:14 Black Citadel
06:51 Slaughterhouse
08:29 Sacrificial Pit
09:39 Boneyard
10:58 Ziggurat
11:00 Ziggurat
15:19 Nerubian Tower
» items
| Rod of Necromancy | 1 | |
| Scroll of Protection | 2 | |
3 total
team 2 (winner)
Al_nino_Borland (
orange | 69 APM | 1277 actions | 18:25)
6 Paladin
3 Holy Light
3 Divine Shield
» actions
| Assign group hotkey | 76 | |
| Basic commands | 22 | |
| Build / train | 85 | |
| ESC pressed | 5 | |
| Enter build submenu | 46 | |
| Enter hero's abilities submenu | 6 | |
| Give item / drop item | 6 | |
| Right click | 412 | |
| Select / deselect | 267 | |
| Select group hotkey | 219 | |
| Use ability | 133 | |
1277 total
» units
| Peasant | 17 | |
| Footman | 7 | |
| Forest Troll Shadow Priest | 2 | |
| Goblin Shredder | 4 | |
| Forest Troll Berserker | 1 | |
| Siege Engine | 4 | |
35 total
» upgrades
| Masonry | 3 | |
| Plating | 2 | |
| Gunpowder | 2 | |
7 total
» buildings
| Altar of Kings | 1 | |
| Farm | 10 | |
| Barracks | 1 | |
| Scout Tower | 25 | |
| Arcane Tower | 2 | |
| Lumber Mill | 2 | |
| Town Hall | 1 | |
| Keep | 2 | |
| Guard Tower | 19 | |
| Castle | 2 | |
| Blacksmith | 1 | |
| Workshop | 6 | |
| Arcane Vault | 1 | |
73 total
» build order
00:11 Altar of Kings
00:17 Farm
00:44 Barracks
01:00 Farm
01:32 Scout Tower
01:42 Farm
02:02 Arcane Tower
03:28 Lumber Mill
03:51 Farm
05:33 Town Hall
05:42 Keep
05:42 Keep
05:46 Farm
06:32 Lumber Mill
06:42 Scout Tower
06:44 Scout Tower
06:53 Scout Tower
06:56 Scout Tower
06:58 Scout Tower
07:23 Guard Tower
07:23 Guard Tower
07:25 Guard Tower
07:25 Guard Tower
07:30 Scout Tower
07:31 Scout Tower
07:32 Scout Tower
08:07 Guard Tower
08:17 Castle
08:17 Castle
08:21 Arcane Tower
08:22 Guard Tower
08:22 Guard Tower
08:25 Guard Tower
08:26 Guard Tower
08:28 Scout Tower
08:29 Scout Tower
08:33 Scout Tower
08:35 Scout Tower
08:38 Blacksmith
09:19 Guard Tower
09:22 Guard Tower
09:39 Scout Tower
09:40 Scout Tower
09:41 Scout Tower
09:43 Guard Tower
09:54 Scout Tower
09:56 Scout Tower
10:38 Guard Tower
10:44 Guard Tower
10:47 Workshop
10:48 Workshop
10:49 Workshop
10:54 Workshop
10:55 Workshop
10:55 Workshop
11:36 Arcane Vault
11:38 Guard Tower
12:34 Farm
12:34 Farm
12:35 Farm
12:37 Farm
12:37 Farm
12:50 Scout Tower
12:50 Scout Tower
12:51 Scout Tower
12:53 Scout Tower
13:34 Scout Tower
13:38 Guard Tower
13:53 Scout Tower
13:54 Scout Tower
14:54 Guard Tower
» items
| Boots of Speed | 1 | |
| Staff of Teleportation | 1 | |
| Lesser Clarity Potion | 3 | |
| Scroll of Regeneration | 1 | |
| Potion of Healing | 1 | |
| Potion of Mana | 2 | |
| Orb of Fire | 1 | |
10 total
Chat log
(13:43 / All) Al_nino_Borland: youre doing great
(13:44 / All) Al_nino_Borland: !
(15:07 / All) Al_nino_Borland: this is a close match!
(15:18 / All) Al_nino_Borland: im on the edge of my seat!
(15:20 / All) Al_nino_Borland: who is gonna win?!?!?!
(15:38 / All) Feu: noob
(15:41 / All) Al_nino_Borland: LOL
(16:10 / All) Al_nino_Borland: nowhere to run to poop boy
(16:25 / All) Feu: fuck noob
(16:32 / All) Al_nino_Borland: YOURE DOING GREAT
(16:33 / All) Al_nino_Borland: REALLY GREAT
(17:19 / All) Al_nino_Borland: POOP BOY
(17:51 / All) Al_nino_Borland: big pile of poop!
(17:58 / All) Al_nino_Borland: pee on poop!